 Dungeon Sprint DCSS version 0.28.0-53-g5a82cb258f (webtiles) character file.

Game seed: 6634791665316481846

2399 Zeld the Severer (level 9, -7/100 HPs)
             Began as a Minotaur Berserker on June 5, 2022.
             Was an Elder of Trog.
             Mangled by a rakshasa (illusionary)
             ... wielding a +0 long sword
              (11 damage)
             ... in the Dungeon (Sprint IX: "|||||||||||||||||||||||||||||").
             The game lasted 00:01:10 (1275 turns).

Zeld the Severer (Minotaur Berserker)               Turns: 1275, Time: 00:01:11

Health: -7/100     AC: 13    Str: 26    XL:     9   Next: 23%
Magic:  8/8        EV: 10    Int:  4    God:    Trog [****..]
Gold:   0          SH:  0    Dex: 10    Spells: 8/8 levels left

rFire   . . .      SeeInvis .   a - +3 war axe (vorpal)
rCold   . . .      Faith    .   (no shield)
rNeg    . . .      Spirit   .   m - +0 plate armour
rPois   .          Reflect  .   (helmet restricted)
rElec   .          Harm     .   k - +0 cloak
rCorr   .          Rampage  .   (no gloves)
Will    .....      NoTele   +   l - +0 pair of boots
Stlth   ..........              (no amulet)
HPRegen 0.26/turn               (no ring)
MPRegen 0.11/turn               (no ring)

@: on berserk cooldown, slowed, very slow
A: horns 2, retaliatory headbutt
a: Renounce Religion, Berserk, Trog's Hand, Brothers in Arms


You were in the Dungeon.
You worshipped Trog.
Trog was greatly pleased with you.
You visited 1 branch

Inventory:

Hand Weapons
 a - a +3 vorpal war axe (weapon)
Armour
 k - a +0 cloak (worn)
 l - a +0 pair of boots (worn)
 m - a +0 plate armour (worn)
Wands
 j - a wand of acid (10)
Scrolls
 h - 2 scrolls of blinking
Potions
 c - 5 potions of curing
 d - 3 potions of heal wounds
 e - a potion of haste
 f - 4 potions of magic
 g - a potion of berserk rage
 i - a potion of invisibility


   Skills:
 * Level 16.1 Fighting
 * Level 16.1 Axes
 - Level 2.4 Armour
 + Level 10.7 Dodging


You had 8 spell levels left.
You didn't know any spells.
Your spell library was empty.

Dungeon Overview and Level Annotations

Branches:
Dungeon (1/1)

Altars:
Cheibriados
Dithmenos
Elyvilon
Fedhas
Gozag
Hepliaklqana
Kikubaaqudgha
Makhleb
Nemelex Xobeh
Okawaru
Qazlal
Ru
Sif Muna
Trog
Uskayaw
Vehumet
Wu Jian
Xom
Yredelemnul
Zin
The Shining One
Beogh
Jiyva
Lugonu


Innate Abilities, Weirdness & Mutations

You have a pair of horns on your head.
You reflexively headbutt those who attack you in melee.


Message History

Your two-headed ogre barely misses the rakshasa.
Your two-headed ogre hits the rakshasa with a +0 giant spiked club!!
The injured rakshasa weaves a defensive illusion!
Something hits you but does no damage.
Your two-headed ogre completely misses the rakshasa.
Your two-headed ogre misses the rakshasa.
You hit something.
The rakshasa hits your two-headed ogre with a +0 long sword!
Something hits you but does no damage.
The rakshasa hits your two-headed ogre with a +0 long sword!!
Your two-headed ogre dies!
Your two-headed ogre's corpse disappears in a puff of smoke!
You slash something! Trog accepts your kill.
Trog appreciates your killing of a magic user.
Reactivating autopickup.
You feel a bit more experienced.
Items here: ( )) [ †.
The rakshasa hits you with a +0 long sword!
The rakshasa completely misses you.
Things that are here:
6 large rocks; a cyclops corpse You barely miss the rakshasa.
The rakshasa is heavily wounded.
The rakshasa blinks!
The rakshasa gestures at you. The lance of force hits you!!
* * * LOW HITPOINT WARNING * * *
You are knocked back by the lance of force.
You collide with the rakshasa!
The rakshasa is severely wounded.
* * * LOW HITPOINT WARNING * * *
The rakshasa gestures at you. The lance of force hits you!!
* * * LOW HITPOINT WARNING * * *
You are knocked back by the lance of force.
You collide with the rakshasa!
The rakshasa is almost dead.
The rakshasa hits you with a +0 long sword!
You die...

▓.▓
▓.▓
▓.▓
▓.▓
▓R▓
▓R▓
▓(▓
▓)▓
▓@▓
▓R▓
▓.▓
▓+▓


You could see 3 rakshasas.

Vanquished Creatures
  A two-headed ogre (D)
  A centaur warrior (D)
  A cyclops (D)
  A troll (D)
  A wyvern (D)
  An ice beast (D)
  An ogre (D)
  2 centaurs (D)
  A wight (D)
  A howler monkey (D)
  2 iguanas (D)
  An orc wizard (D)
  A gnoll (shapeshifter) (D)
  An orc (D)
  2 hobgoblins (D)
  A bat (D)
  2 rats (D)
21 creatures vanquished.

Notes
Turn   | Place    | Note
-------+----------+-------------------------------------------
     0 | D        | Zeld the Minotaur Berserker began the quest for the Orb.
     0 | D        | Reached XP level 1. HP: 19/19 MP: 0/0
    17 | D        | Reached ** piety under Trog
   509 | D        | Noticed an iguana
   509 | D        | Noticed an ice beast
   509 | D        | Noticed an iguana
   509 | D        | Noticed an ogre
   513 | D        | Killed an iguana
   514 | D        | Reached skill level 5 in Fighting
   514 | D        | Reached skill level 5 in Axes
   514 | D        | Reached XP level 2. HP: 30/30 MP: 1/1
   514 | D        | Reached XP level 3. HP: 37/37 MP: 2/2
   523 | D        | Killed an ice beast
   523 | D        | Reached *** piety under Trog
   524 | D        | Reached skill level 5 in Dodging
   524 | D        | Reached XP level 4. HP: 29/48 MP: 3/3
   526 | D        | Reached XP level 5. HP: 34/56 MP: 4/4
   528 | D        | Killed an ogre
   730 | D        | Found a snail-covered altar of Cheibriados.
   730 | D        | Found a shadowy altar of Dithmenos.
   730 | D        | Found a white marble altar of Elyvilon.
   730 | D        | Found a blossoming altar of Fedhas.
   730 | D        | Found an opulent altar of Gozag.
   766 | D        | Found a hazy altar of Hepliaklqana.
   795 | D        | Found a viscous altar of Jiyva.
   818 | D        | Found an ancient bone altar of Kikubaaqudgha.
   819 | D        | Found a corrupted altar of Lugonu.
   897 | D        | Found a burning altar of Makhleb.
   898 | D        | Found a sparkling altar of Nemelex Xobeh.
   899 | D        | Found an iron altar of Okawaru.
   900 | D        | Found a stormy altar of Qazlal.
   901 | D        | Found a sacrificial altar of Ru.
   902 | D        | Found a shimmering blue altar of Sif Muna.
   903 | D        | Found a bloodstained altar of Trog.
   904 | D        | Found a hide-covered altar of Uskayaw.
   905 | D        | Found a radiant altar of Vehumet.
   906 | D        | Found an ornate altar of the Wu Jian Council.
   907 | D        | Found a shimmering altar of Xom.
   908 | D        | Found a basalt altar of Yredelemnul.
   909 | D        | Found a glowing silver altar of Zin.
   910 | D        | Found a glowing golden altar of the Shining One.
   965 | D        | Noticed a centaur
   965 | D        | Noticed a two-headed ogre
   965 | D        | Noticed a centaur
   965 | D        | Noticed a wyvern
   971 | D        | Killed a two-headed ogre
   972 | D        | Reached XP level 6. HP: 72/72 MP: 5/5
   972 | D        | Reached XP level 7. HP: 79/79 MP: 6/6
   973 | D        | Reached **** piety under Trog
   979 | D        | Reached XP level 8. HP: 86/86 MP: 7/7
  1246 | D        | Noticed a troll
  1246 | D        | Noticed a rakshasa
  1246 | D        | Noticed a cyclops
  1246 | D        | Noticed a centaur warrior
  1253 | D        | Killed a troll
  1256 | D        | Reached ***** piety under Trog
  1261 | D        | Killed a cyclops
  1262 | D        | Reached skill level 15 in Fighting
  1262 | D        | Reached skill level 15 in Axes
  1262 | D        | Reached skill level 10 in Dodging
  1264 | D        | Killed a centaur warrior
  1265 | D        | Reached XP level 9. HP: 60/100 MP: 8/8
  1275 | D        | HP: 4/100 [rakshasa (illusionary)/lance of force (18)]
  1275 | D        | Mangled by a rakshasa (illusionary)

Illustrated notes

Levels and vault maps discovered:
D:        linesprint [early_d, line_temple, items_1, d_10, items_2, lair_1,
          lair_end, items_3, orc_1, orc_end, items_4, d_15, swamp_1, shoals_1,
          snake_1, spider_1, d_20, vaults_1, items_5, swamp_end, shoals_end,
          snake_end, spider_end, vaults_end, d_27, items_6, zot_1, zot_end,
          crypt_end, forest_end, elf_end, slime_end, tomb_end, abyss_end,
          pan_hell_end]

Skill      XL: |  1  2  3  4  5  6  7  8 |
---------------+-------------------------+-----
Fighting       | 5 8 13 16 | 16.1
Axes           | 5 8 13 16 | 16.1
Dodging        | 3 5 8 10 | 10.7
Armour         | |  2.4

Action                   |  1- 3 |  4- 6 |  7- 9 || total
-------------------------+-------+-------+-------++-------
Melee: Hand axe          |    28 |     4 |       ||    32
       Headbutt          |     1 |     1 |     5 ||     7
       War axe           |       |     4 |    33 ||    37
Invok: Berserk           |     1 |     1 |     1 ||     3
       Brothers in Arms  |       |       |     1 ||     1
Armor: Animal skin       |     2 |       |       ||     2
       Plate armour      |       |     3 |    14 ||    17
Dodge: Dodged            |     9 |     3 |    15 ||    27
